 Dungeon Crawl Stone Soup version 0.27-a0-887-gcab673c142 (webtiles) character file.

Game seed: 8341869531810488121

95 leviel the Skirmisher (level 4, -1/41 HPs)
             Began as a Hill Orc Fighter on Apr 4, 2021.
             Killed by nerve-wracking pain
             ... invoked by Grinder
              (8 damage)
             ... on level 3 of the Dungeon.
             The game lasted 00:02:25 (1874 turns).

leviel the Skirmisher (Hill Orc Fighter)            Turns: 1874, Time: 00:02:25

Health: -1/41      AC:  7    Str: 19    XL:     4   Next: 66%
Magic:  4/4        EV:  7    Int:  8    God:
Gold:   79         SH:  9    Dex: 10    Spells: 3/3 levels left

rFire    . . .     SeeInvis .   a - +0 war axe
rCold    . . .     Faith    .   c - +0 kite shield
rNeg     . . .     Spirit   .   b - +0 scale mail
rPois    .         Reflect  .   (no helmet)
rElec    .         Harm     .   (no cloak)
rCorr    .         Rampage  .   (no gloves)
Will     .....                  (no boots)
Stlth    ..........             (no amulet)
HPRegen  0.13/turn              (no ring)
MPRegen  0.09/turn              (no ring)

@: mighty
A: no striking features
a: no special abilities


You were on level 3 of the Dungeon.
You visited 1 branch of the dungeon, and saw 3 of its levels.

You collected 79 gold pieces.

Inventory:

Hand Weapons
 a - a +0 war axe (weapon)
Armour
 b - a +0 scale mail (worn)
 c - a +0 kite shield (worn)
Jewellery
 g - an amulet of magic regeneration
Scrolls
 i - a scroll of fear {unknown}
 k - 4 scrolls of identify {unknown}
Potions
 d - a potion of might
 e - a potion of haste {unknown}
 h - a potion of flight {unknown}
 j - a potion of heal wounds


   Skills:
 * Level 4.6 Fighting
 + Level 4.1 Axes
 + Level 3.8 Armour
 + Level 0.1 Dodging
 + Level 0.1 Stealth
 + Level 3.7 Shields


You had 3 spell levels left.
You didn't know any spells.
Your spell library contained the following spells:

 Spells                   Type           Power      Damage    Failure   Level
 Animate Skeleton         Necr           0%         N/A       99%         1
 Apportation              Tloc           0%         N/A       99%         1
 Corona                   Hex            0%         N/A       99%         1
 Summon Small Mammal      Summ           0%         N/A       99%         1


Dungeon Overview and Level Annotations

Branches:
Dungeon (3/15)

Altars:

Annotations:
D:3 Grinder


Message History

You resist with significant effort.
Found a stone staircase leading down.
Grinder gestures at you.
You suddenly lose the ability to move!
Grinder gestures at you.
You shrug off the repeated paralysis!
Grinder hits you.
You writhe in agony.
Grinder gestures at you. Pain shoots through your body!
Grinder is lost in a daze. x2
Grinder blinks!
You can move again.
You hit the quokka but do no damage.
Grinder blinks!
You block the quokka's attack.
You slash the quokka!
You kill the quokka!
You closely miss Grinder.
Grinder is severely wounded.
Grinder is no longer dazed.
Grinder hits you.
You writhe in agony.
Grinder hits you but does no damage.
You slash Grinder!
Grinder is almost dead.
Grinder hits you.
You writhe in agony.
You are too injured to fight recklessly!
You are too injured to fight recklessly!
You hit Grinder but do no damage.
Grinder is almost dead.
Grinder drinks a potion.
Grinder is healed!
Grinder gestures at you. Pain shoots through your body!
You feel very mighty all of a sudden. Grinder hits you.
* * * LOW HITPOINT WARNING * * *
You writhe in agony.
* * * LOW HITPOINT WARNING * * *
You slash Grinder!
Grinder is severely wounded.
Grinder gestures at you. Pain shoots through your body!
You die...

............#
.######.###.#
#.# #.# #.#
#.####
#.###....#
#####.##...#.#
......#......#
#......!.#...
#..#@.>...###
#..#5...#.# ...
.........
######.##>###..
..# .# .. ###
.#


You could see Grinder.

Vanquished Creatures
  4 adders (D:2)
  A worm (D:2)
  9 ball pythons
  3 endoplasms
  A giant cockroach (D:2)
  7 goblins
  6 hobgoblins (D:2)
  A jackal (D:1)
  3 quokkas
  7 bats
  6 frilled lizards
  5 kobolds (D:1)
  6 rats (D:1)
59 creatures vanquished.

Notes
Turn   | Place    | Note
-------+----------+-------------------------------------------
     0 | D:1      | leviel the Hill Orc Fighter began the quest for the Orb.
     0 | D:1      | Reached XP level 1. HP: 19/19 MP: 1/1
   174 | D:1      | Reached XP level 2. HP: 21/27 MP: 2/2
   784 | D:1      | Reached XP level 3. HP: 33/33 MP: 3/3
   798 | D:1      | You fall into a shaft and drop 1 floor!
  1090 | D:2      | Reached XP level 4. HP: 39/41 MP: 4/4
  1855 | D:3      | Noticed Grinder
  1859 | D:3      | Paralysed by Grinder for 7 turns
  1874 | D:3      | Killed from afar by Grinder

Illustrated notes

Levels and vault maps discovered:
D:1:      dpeg_arrival_rooms_with_view, layout_basic, basic_ecumenical_altar,
          st_stairs_1, hex_medium, minmay_fountain_box, minmay_misc_feat_square,
          minmay_pentomino_u4
D:2:      layout_loops_ring, minmay_split_cup_small
D:3:      layout_loops_ring, serial_bayou_pond_d, uniq_grinder

Skill      XL: |  1  2  3  4 |
---------------+-------------+-----
Fighting       | 4 |  4.6
Axes           | 3 4 |  4.1
Armour         | |  3.8
Dodging        | |  0.1
Stealth        | |  0.1
Shields        | |  3.7

Action                   |  1- 3 |  4- 6 || total
-------------------------+-------+-------++-------
Melee: War axe           |   113 |    52 ||   165
  Use: Scroll            |       |     1 ||     1
       Potion            |       |     1 ||     1
Armor: Scale mail        |    74 |    22 ||    96
Dodge: Dodged            |    48 |    15 ||    63
Block: Kite shield       |    79 |    30 ||   109

Table legend: (Time is in decaauts)
 A = Elapsed time spent in this place.
 B = Non-inter-level travel time spent in this place.
 C = Inter-level travel time spent in this place.
 D = Time resting spent in this place.
 E = Time spent auto-exploring this place.
 F = Levels seen in this place.
 G = Mean time per level.
                   A        B        C        D        E       F      G
               +--------+--------+--------+--------+--------+-----+--------+
         Total |   1966 |   1928 |     38 |      0 |   1530 |   3 |  655.3 |
       Dungeon |   1966 |   1928 |     38 |      0 |   1530 |   3 |  655.3 |
               +--------+--------+--------+--------+--------+-----+--------+

Top non-repeatable levels by time:
     D:2: 1095 daAuts
     D:1: 839 daAuts
     D:3: 30 daAuts
